 Dungeon Crawl Stone Soup version 0.31-a0-1101-g9ad1905e61 (webtiles) character file.

Game seed: 748654745469754725

67 kae the Sneak (level 3, 0/25 HPs)
             Began as a Demonspawn Enchanter on Dec 1, 2023.
             Slain by an orc wizard
             ... wielding a +0 dagger
              (2 damage)
             ... on level 3 of the Dungeon.
             The game lasted 00:01:27 (1761 turns).

kae the Sneak (Demonspawn Enchanter)                Turns: 1761, Time: 00:01:28

Health: 0/25       AC:  2    Str:  8    XL:     3   Next: 98%
Magic:  6/6        EV: 12    Int: 15    God:
Gold:   112        SH:  0    Dex: 13    Spells: 1/6 levels left

rFire   . . .        a - +1 dagger
rCold   . . .        (no shield)
rNeg    . . .        b - +0 robe
rPois   .            (no helmet)
rElec   .            (no cloak)
rCorr   .            (no gloves)
SInv    .            (no boots)
Will    ++...        (no amulet)
Stlth   ++           q - ring of willpower
HPRegen 0.24/turn    (no ring)
MPRegen 0.10/turn

%: no passive effects
@: no status effects
A: powered by death 1, clumsy 1, strong-willed 1
a: no special abilities


You were on level 3 of the Dungeon.
You visited 1 branch of the dungeon, and saw 3 of its levels.

You collected 112 gold pieces.


Innate Abilities, Weirdness & Mutations

You regenerate a little health from kills.
You are clumsy. (Dex -2)
You are strong-willed. (Will+)


   Skills:
 + Level 0.9 Fighting
 * Level 1.7 Short Blades
 - Level 1.7 Dodging
 * Level 3.3 Stealth
 + Level 2.3 Spellcasting
 + Level 3.2 Hexes
 * Level 0.9 Ice Magic


You had one spell level left.
You knew the following spells:

 Your Spells              Type           Power      Damage    Failure   Level
a - Ensorcelled Hibernat  Hex/Ice        16%        N/A       14%         2
b - Confusing Touch       Hex            11%        N/A       17%         3

Your spell library contained the following spells:

 Spells                   Type           Power      Damage    Failure   Level
 Tukima's Dance           Hex            11%        N/A       17%         3
 Dazzling Flash           Conj/Hex       12%        N/A       32%         3

Inventory:

Hand Weapons
 a - a +1 dagger (weapon)
Missiles
 e - 24 stones
Armour
 b - a +0 robe (worn)
Magical Staves
 m - a staff of air {!a}
   (You found it on level 2 of the Dungeon)
Jewellery
 q - a ring of willpower (left hand)
   (You took it off a goblin on level 2 of the Dungeon)
 F - a ring of fire
   (You found it on level 2 of the Dungeon)
Scrolls
 d - 2 scrolls of immolation {unknown}
 f - 2 scrolls of blinking {unknown}
 g - a scroll of noise {unknown}
 k - a scroll of revelation {unknown}
 l - 2 scrolls of identify {unknown}
 n - 2 scrolls of poison {unknown}
 o - a scroll of teleportation {unknown}
Potions
 c - 2 potions of invisibility
 h - a potion of attraction {unknown}
 j - 3 potions of curing {unknown}
 p - a potion of heal wounds {unknown}

Dungeon Overview and Level Annotations

Branches:
Dungeon (3/15) Zot: 16251

Altars:

##. # #.# #######.#..
###.# #..........
#.#.# #.#oo......
###.#.###.#{#
##......##.#@#
#.....#......#
#.##...######
#.###.######## #.#
#.##..... #.#
#..[.....
######.###.##.######.
.............>.......
######.....##.######


You could see 2 orcs.


Message History

😎 HP[+2] MP[+3]
Your hp is fully restored (25).
You regained 3 mp, and now have 5/6 mp.
No target in view!
No target in view!
n - 2 scrolls labelled QIMIX BOAHAUSYFIHI (gained 1)
l - 2 scrolls labelled XIONOU ETOHAU (gained 1)
You now have 112 gold pieces (gained 10). 2 orcs come into view. 😎 MP[+1]
Your mp is fully restored (6).
An orc comes into view. It is wielding a +0 club.
The orc shouts! x3; You hear a shout!
An orc wizard comes into view. It is wielding a +0 dagger.
The orc barely misses you.
There are monsters nearby!
There are monsters nearby!
There are monsters nearby!
The orc attacks as it pursues you! The orc misses you.
You completely miss the orc. You completely miss the orc.
The orc closely misses you.
You hit the orc. You hit the orc wizard. You barely miss the orc wizard.
The orc wizard hits you but does no damage.
You hit the orc wizard.
The orc wizard gestures wildly while chanting.
The orc wizard flickers and vanishes!
Deactivating autopickup; reactivate with Ctrl-A.
You hit something but do no damage. Something barely misses you.
You hit something. Something hits you. 😕 HP[-2]
You take 2 damage, and now have 23/25 hp.
Casting: Ensorcelled Hibernation (safe; 14% risk of failure)
Confirm with . or Enter, or press ? or * to list all spells.
Aiming: Ensorcelled Hibernation (safe; 14% risk of failure)
Press: ? - help, Shift-Dir - straight line, f - orc
Aim: an orc, wielding a +0 club (chance to affect: 58%) Nothing appears to happen. 😕 MP[-2]
You lost 2 mp, and now have 4/6 mp.
You hit something.
You hear a shout!
Something hits you.
You barely miss something. You hit the orc. You hit the orc but do no damage.
You hit the orc. The orc hits you but does no damage.
You barely miss the orc.
The orc hits you with a +0 club. 😕 HP[-2]
You take 2 damage, and now have 21/25 hp.
You hit the orc.
You kill the orc! 😕 HP[+1]
You hit something. Something hits you.
You miss something. Something hits you. 😕 HP[-1]
You take 1 damage, and now have 21/25 hp.
You miss something. Something hits you. 😕 HP[-2] MP[+1]
You take 2 damage, and now have 19/25 hp.
You hit something. Something hits you. 😮 HP[-2]
You take 2 damage, and now have 17/25 hp.
You hit something but do no damage. Something barely misses you. 😮 HP[+1]
You miss something. Something hits you. 😮 HP[-4]
You take 4 damage, and now have 14/25 hp.
You barely miss something. Something hits you but does no damage.
You miss something. You hit something. Something hits you.
* * * LOW HITPOINT WARNING * * *
😨 HP[-3]
You take 3 damage, and now have 11/25 hp.
You closely miss something. Something hits you.
* * * LOW HITPOINT WARNING * * *
😨 HP[-3]
You take 3 damage, and now have 8/25 hp.
You miss something.
You hear some strange, mumbled words.
Something tries to affect you, but you resist.
You miss something. Something hits you.
* * * LOW HITPOINT WARNING * * *
😨 HP[-1]
You take 1 damage, and now have 7/25 hp.
You barely miss something. Something hits you.
* * * LOW HITPOINT WARNING * * *
😱 HP[-4]
You take 4 damage, and now have 3/25 hp.
You miss something.
Something hits you but does no damage. 😱 HP[+1] MP[+1]
Your mp is fully restored (6).
You hit something but do no damage. Something hits you.
* * * LOW HITPOINT WARNING * * *
😱 HP[-2]
You take 2 damage, and now have 2/25 hp.
It was a potion of mutation.
You feel extremely strange.
You feel clumsy.
You feel strong-willed. Something hits you.
You die...

Skill      XL: |  1  2 |
---------------+-------+-----
Short Blades   | 1 |  1.7
Stealth        | 3 |  3.3
Fighting       | |  0.9
Dodging        | |  1.7
Spellcasting   | |  2.3
Hexes          | |  3.2
Ice Magic      | |  0.9

Action                     || total
---------------------------++-------
  Melee: Dagger            ||   159
         Punch             ||     4
   Cast: Ensorcelled Hiber ||    12
    Use: Potion            ||     1
   Stab: Sleeping          ||    13
 Armour: Robe              ||    76
  Dodge: Dodged            ||    64

Levels and vault maps discovered:
D:1:      minmay_arrival_radiant_lines, layout_basic
D:2:      layout_loops_cross, shapermc_ecumenical_altar_mp_highgroup
D:3:      minmay_inner_zag, layout_loops_ring, kennysheep_vampire_church,
          mainiacjoe_overflow_swirl, amcnicky_mini_rare_corridor_liquid,
          uniq_crazy_yiuf_cottage, uniq_natasha

Notes
Turn   | Place    | Note
-------+----------+-------------------------------------------
     0 | D:1      | kae the Demonspawn Enchanter began the quest for the Orb.
     0 | D:1      | Reached XP level 1. HP: 13/13 MP: 3/3
     0 | D:1      | magus.rc [v1.11.3]
    34 | D:1      | Reached skill level 1 in Short Blades
   183 | D:1      | Gained mutation: You regenerate a little health from kills.
                  | [demonic ancestry]
   183 | D:1      | Reached XP level 2. HP: 19/20 MP: 5/5
   186 | D:1      | Learned a level 2 spell: Ensorcelled Hibernation
   501 | D:1      | Reached skill level 3 in Stealth
   931 | D:2      | Found a faded altar of an unknown god.
  1119 | D:2      | Reached XP level 3. HP: 25/25 MP: 6/6
  1123 | D:2      | Learned a level 3 spell: Confusing Touch
  1264 | D:2      | Identified the +3 ring mail of Nihilism {rC+ Int+2}
  1322 | D:2      | HP: 3/25 [goblin/+0 spear (5)]
  1327 | D:2      | HP: 2/25 [goblin/+0 spear (1)]
  1362 | D:2      | HP: 4/25 [worm (9)]
  1758 | D:3      | HP: 3/25 [something (4)]
  1761 | D:3      | Gained mutation: You are clumsy. (Dex -2) [potion of
                  | mutation]
  1761 | D:3      | Gained mutation: You are strong-willed. (Will+) [potion of
                  | mutation]
  1761 | D:3      | Slain by an orc wizard

Vanquished Creatures
  2 adders (D:2)
  2 worms (D:2)
  2 dart slugs
  2 orcs (D:3)
  A ball python (D:1)
  4 endoplasms
  A giant cockroach (D:2)
  5 goblins
  2 hobgoblins (D:1)
  5 kobolds
  A quokka (D:1)
  3 frilled lizards (D:1)
  6 rats
36 creatures vanquished.

Table legend:
 A = Non-vault XP
 B = Vault XP
 C = Vault XP percentage of total XP
 D = Non-vault monster count
 E = Vault monster count
 F = Vault count percentage of total count
                 A         B        C        D         E       F
            +---------+---------+-------+---------+---------+-------
      Total |      96 |       0 |   0.0 |      36 |       0 |   0.0
            +---------+---------+-------+---------+---------+-------
        D:1 |      29 |       0 |   0.0 |      19 |       0 |   0.0
        D:2 |      57 |       0 |   0.0 |      14 |       0 |   0.0
        D:3 |      10 |       0 |   0.0 |       3 |       0 |   0.0
            +---------+---------+-------+---------+---------+-------

Skill      XL: |  1  2 |
---------------+-------+-----
Short Blades   | 1 |  1.7
Stealth        | 3 |  3.3
Fighting       | |  0.9
Dodging        | |  1.7
Spellcasting   | |  2.3
Hexes          | |  3.2
Ice Magic      | |  0.9

Action                     || total
---------------------------++-------
  Melee: Dagger            ||   159
         Punch             ||     4
   Cast: Ensorcelled Hiber ||    12
    Use: Potion            ||     1
   Stab: Sleeping          ||    13
 Armour: Robe              ||    76
  Dodge: Dodged            ||    64

Illustrated notes

Table legend:
 A = Kills in this place as a percentage of kills in the entire game.
 B = Kills by you in this place as a percentage of kills by you in the entire game.
 C = Kills by friends in this place as a percentage of kills by friends in the entire game.
 D = Other kills in this place as a percentage of other kills in the entire game.
 E = Experience gained in this place as a percentage of experience gained in the entire game.
 F = Experience gained in this place divided by the number of levels of this place that you have seen.
                   A       B       C       D       E      F
               +-------+-------+-------+-------+-------+----------------------
         Total | 100.0 | 100.0 |   N/A |   N/A | 100.0 |  32.0
       Dungeon | 100.0 | 100.0 |   N/A |   N/A | 100.0 |  32.0
               +-------+-------+-------+-------+-------+----------------------

Table legend: (Time is in decaauts)
 A = Elapsed time spent in this place.
 B = Non-inter-level travel time spent in this place.
 C = Inter-level travel time spent in this place.
 D = Time resting spent in this place.
 E = Time spent auto-exploring this place.
 F = Levels seen in this place.
 G = Mean time per level.
                   A        B        C        D        E       F      G
               +--------+--------+--------+--------+--------+-----+--------+
         Total |   1747 |   1697 |     50 |     75 |   1237 |   3 |  582.3 |
       Dungeon |   1747 |   1697 |     50 |     75 |   1237 |   3 |  582.3 |
               +--------+--------+--------+--------+--------+-----+--------+

Top non-repeatable levels by time:
     D:2: 864 daAuts
     D:1: 774 daAuts
     D:3: 109 daAuts
